 Dungeon Crawl Stone Soup version 0.28-b1-25-g9875b3fc8c (webtiles) character file.

Game seed: 938659411809564573

1 sanka the Magician (level 1, 0/11 HPs)
             Began as a Deep Elf Transmuter on Feb 8, 2022.
             Slain by a quokka (2 damage)
             ... on level 1 of the Dungeon.
             The game lasted 00:00:17 (107 turns).

sanka the Magician (Deep Elf Transmuter)             Turns: 107, Time: 00:00:17

Health: 0/11       AC:  2    Str:  7    XL:     1   Next: 16%
Magic:  5/6        EV: 12    Int: 17    God:
Gold:   0          SH:  0    Dex: 15    Spells: 5/6 levels left

rFire   . . .      SeeInvis .     - Unarmed
rCold   . . .      Faith    .   (no shield)
rNeg    . . .      Spirit   .   a - +0 robe
rPois   .          Reflect  .   (helmet currently unavailable)
rElec   .          Harm     .   (no cloak)
rCorr   .          Rampage  .   (no gloves)
Will    .....                   (boots currently unavailable)
Stlth   +.........              (no amulet)
HPRegen 0.03/turn               (no ring)
MPRegen 0.10/turn               (no ring)

@: appendages (expiring)
A: horns 2, talons 2
a: End Transformation


You were on level 1 of the Dungeon.
You had temporarily grown beastly horns and talons.
You visited 1 branch of the dungeon, and saw 1 of its levels.

Inventory:

Armour
 a - a +0 robe (worn)
Scrolls
 c - a scroll of teleportation {unknown}
 d - a scroll of fog {unknown}
Potions
 b - a potion of cancellation {unknown}


   Skills:
 - Level 0.7 Fighting
 - Level 2.4 Dodging
 - Level 2.4 Unarmed Combat
 + Level 3.1 Spellcasting
 - Level 2.1 Transmutations


You had 5 spell levels left.
You knew the following spells:

 Your Spells              Type           Power      Damage    Failure   Level
a - Beastly Appendage     Tmut           20%        N/A       7%          1

Your spell library contained the following spells:

 Spells                   Type           Power      Damage    Failure   Level
 Wereblood                Tmut           10%        N/A       11%         2
 Spider Form              Tmut/Pois      6%         N/A       32%         3
 Ice Form                 Ice/Tmut       6%         N/A       73%         4


Dungeon Overview and Level Annotations

Branches:
Dungeon (1/15)

Altars:


Innate Abilities, Weirdness & Mutations

You have temporarily grown beastly horns and talons.


Message History

The hobgoblin closely misses you.
You hit the hobgoblin. Your kick misses the hobgoblin.
The hobgoblin is heavily wounded.
The hobgoblin barely misses you.
The quokka enters a dispersal trap!
The hobgoblin blinks! x2; The rat blinks! x2
The hobgoblin blinks!
You blink.
The quokka blinks!
The hobgoblin barely misses you. The hobgoblin barely misses you.
Your horns disappear.
Your talons disappear.
The hobgoblin barely misses you.
The quokka twitches its whiskers.
You grow a pair of large bovine horns.
Your feet morph into talons.
The quokka misses you.
You hit the quokka but do no damage. Your kick misses the quokka.
Your headbutt misses the quokka. The quokka closely misses you.
You barely miss the quokka. You headbutt the quokka.
The quokka is heavily wounded.
The quokka closely misses you. x2
You hit the quokka but do no damage. Your kick misses the quokka.
Your headbutt misses the quokka.
The quokka is heavily wounded.
The quokka misses you.
You closely miss the quokka.
The quokka is heavily wounded.
The quokka bites you.
You barely miss the quokka.
The quokka is heavily wounded.
The quokka bites you.
* * * LOW HITPOINT WARNING * * *
You are too injured to fight recklessly!
You are too injured to fight recklessly!
You are too injured to fight recklessly!
You hit the quokka.
The quokka is severely wounded.
Your transformation is almost over.
The quokka closely misses you.
You barely miss the quokka. You claw the quokka.
The quokka is almost dead.
The quokka bites you.
You die...

###############
..............#
8.............#########
...#########..##......#
.⌠.#≈≈≈≈≈≈≈#..........#
...#≈≈≈≈≈≈≈#..........##
.⌠.#≈≈≈≈≈≈S#...........#
...#########..##.......#
8.............##@#.....#
(.............##r#.....#
################g#.....#
........r#####.#
.####..........#
#.......####..
#........(..#
#....)......#
#...........#


You could see a quokka, a hobgoblin and a rat.

Vanquished Creatures
  A ball python (D:1)
1 creature vanquished.

Notes
Turn   | Place    | Note
-------+----------+-------------------------------------------
     0 | D:1      | sanka the Deep Elf Transmuter began the quest for the Orb.
     0 | D:1      | Reached XP level 1. HP: 11/11 MP: 6/6
     1 | D:1      | Noticed an electric eel
   107 | D:1      | Slain by a quokka

Illustrated notes

Levels and vault maps discovered:
D:1:      arrival_aquarium_a, layout_basic

Action                   || total
-------------------------++-------
Melee: Unarmed           ||    12
       Kick              ||     1
       Headbutt          ||     1
 Cast: Beastly Appendage ||     3
Dodge: Dodged            ||    12
